APP
OREM OWLZ @ PULASKI YANKEES
08/05/2044
 
TOP OF THE 1ST
Orem Owlz batting - Pitching for Pulaski Yankees : RHP Chris McCoy
Pitching: RHP Chris McCoy
Batting: SHB Butch Brown 0-0: Swinging Strike
0-1: Called Strike
0-2: Ball
1-2: Foul Ball, location: 2F
1-2: Ball
2-2: Strikes out swinging
Batting: LHB Justin Alexander 0-0: Ball
1-0: DOUBLE (Groundball, 3L, EV 103.8 MPH)
Batting: LHB Brett Bugge 0-0: Foul Ball, location: 2F
0-1: Foul Ball, location: 2F
0-2: Fly out, F6 (Line Drive, 6, EV 66.3 MPH)
Batting: RHB Mike Alm 0-0: Foul Ball, location: 2F
0-1: Called Strike
0-2: Ball
1-2: Ball
2-2: SINGLE (Line Drive, 8LS, EV 113.1 MPH)
Justin Alexander to third
Runner from 3rd tries for Home, SAFE, throw by CF to home
Batting: RHB Ryan Pelletier 0-0: Ball
Mike Alm steals 2nd base (no throw)
1-0: Called Strike
1-1: Foul Ball, location: 2F
1-2: Strikes out looking
Top of the 1st over - 1 run, 2 hits, 0 errors, 1 left on base; Orem 1 - Pulaski 0
BOTTOM OF THE 1ST
Pulaski Yankees batting - Pitching for Orem Owlz : RHP Chris Russell
Pitching: RHP Chris Russell
Batting: LHB Joel Vera 0-0: Foul Ball, location: 2F
0-1: Ball
1-1: Fly out, F8 (Flyball, 78D, EV 110.6 MPH)
Batting: LHB Dan Morris 0-0: Called Strike
0-1: Ball
1-1: Ball
2-1: Fly out, F8 (Flyball, 78D, EV 102.5 MPH)
Batting: SHB Blake Abbott 0-0: Foul Ball, location: 2F
0-1: Ball
1-1: Ball
2-1: Foul Ball, location: 2F
2-2: Fly out, F9 (Flyball, 9D, EV 89.4 MPH)
Bottom of the 1st over - 0 runs, 0 hits, 0 errors, 0 left on base; Orem 1 - Pulaski 0
TOP OF THE 2ND
Orem Owlz batting - Pitching for Pulaski Yankees : RHP Chris McCoy
Batting: RHB Danny Bjarnson 0-0: Called Strike
0-1: Foul Ball, location: 2F
0-2: Ball
1-2: Fly out, F8 (Flyball, 8RM, EV 80.6 MPH)
Batting: RHB J.R. Roberts 0-0: Foul Ball, location: 2F
0-1: Called Strike
0-2: Strikes out looking
Batting: RHB Kinya Nishimura 0-0: Called Strike
0-1: Swinging Strike
0-2: Ball
1-2: Ball
2-2: Foul Ball, location: 2F
2-2: Foul Ball, location: 2F
2-2: Strikes out swinging
Top of the 2nd over - 0 runs, 0 hits, 0 errors, 0 left on base; Orem 1 - Pulaski 0
BOTTOM OF THE 2ND
Pulaski Yankees batting - Pitching for Orem Owlz : RHP Chris Russell
Batting: RHB Mike Gifford 0-0: Ball
1-0: Ball
2-0: Ball
3-0: Called Strike
3-1: Base on Balls
Batting: RHB Bobby Melillo 0-0: Swinging Strike
0-1: Called Strike
Mike Gifford steals 2nd base
0-2: Foul Ball, location: 2F
0-2: Ball
1-2: SINGLE (Groundball, 5S, EV 71.3 MPH) (infield hit)
Mike Gifford to third
Batting: SHB Joe Fure 0-0: Ball
1-0: Swinging Strike
1-1: Ball
2-1: Fielders Choice at 2nd, 4-6 (Groundball, 4, EV 93.8 MPH)
Mike Gifford scores
Batting: RHB Colby Macon 0-0: Called Strike
0-1: Ball
1-1: Foul Ball, location: 2F
1-2: Fly out, F9 (Flyball, 89M, EV 89.4 MPH)
Batting: RHB Johannes Gutermuth 0-0: Called Strike
0-1: Ball
1-1: Ball
2-1: Ball
3-1: Base on Balls
Joe Fure to second
Batting: RHB Roberto Tena 0-0: Ball
1-0: Foul Ball, location: 2F
1-1: Ball
2-1: Foul Ball, location: 2F
2-2: Foul Ball, location: 2F
2-2: Foul Ball, location: 2F
2-2: Foul Ball, location: 2F
2-2: Ball
3-2: Foul Ball, location: 2F
3-2: Base on Balls
Joe Fure to third
Johannes Gutermuth to second
Batting: LHB Joel Vera 0-0: Foul Ball, location: 2F
0-1: Foul Ball, location: 2F
0-2: Ball
1-2: Ball
2-2: Ball
3-2: SINGLE (Line Drive, 6M, EV 95.0 MPH)
Joe Fure scores
Johannes Gutermuth to third
Roberto Tena to second
Johannes Gutermuth scores
Roberto Tena to third
Batting: LHB Dan Morris 0-0: Called Strike
Joel Vera steals 2nd base (no throw)
0-1: Foul Ball, location: 2F
0-2: Ball
1-2: Foul Ball, location: 2F
1-2: Strikes out swinging
Bottom of the 2nd over - 3 runs, 2 hits, 0 errors, 2 left on base; Orem 1 - Pulaski 3
TOP OF THE 3RD
Orem Owlz batting - Pitching for Pulaski Yankees : RHP Chris McCoy
Batting: RHB Jose Ramirez 0-0: Ball
1-0: Ground out 1-3 (Groundball, 15S, EV 63.8 MPH)
Batting: SHB Butch Brown 0-0: Ball
1-0: Foul Ball, location: 2F
1-1: Foul Ball, location: 2F
1-2: Foul Ball, location: 2F
1-2: Ball
2-2: Foul Ball, location: 2F
2-2: Ground out 5-3 (Groundball, 5, EV 84.4 MPH)
Batting: LHB Justin Alexander 0-0: Called Strike
0-1: Ball
1-1: Swinging Strike
1-2: Ball
2-2: SINGLE (Line Drive, 34D, EV 96.3 MPH)
Batting: LHB Brett Bugge 0-0: Called Strike
Justin Alexander steals 2nd, throwing error, E2
Justin Alexander to third
0-1: Reached on error, E5 (Groundball, 56, EV 77.5 MPH)
Justin Alexander scores
Batting: RHB Mike Alm 0-0: Ball
1-0: Fielders Choice at 2nd, 5-4 (Groundball, 56, EV 101.9 MPH)
Top of the 3rd over - 1 run, 1 hit, 2 errors, 1 left on base; Orem 2 - Pulaski 3
BOTTOM OF THE 3RD
Pulaski Yankees batting - Pitching for Orem Owlz : RHP Chris Russell
Batting: SHB Blake Abbott 0-0: Called Strike
0-1: Foul Ball, location: 2F
0-2: Strikes out looking
Batting: RHB Mike Gifford 0-0: Ball
1-0: Ball
2-0: Ball
3-0: Swinging Strike
3-1: Foul Ball, location: 2F
3-2: Strikes out swinging
Batting: RHB Bobby Melillo 0-0: Called Strike
0-1: Ball
1-1: Ball
2-1: Ball
3-1: Ground out 4-3 (Groundball, 34, EV 85.0 MPH)
Bottom of the 3rd over - 0 runs, 0 hits, 0 errors, 0 left on base; Orem 2 - Pulaski 3
TOP OF THE 4TH
Orem Owlz batting - Pitching for Pulaski Yankees : RHP Chris McCoy
Batting: RHB Ryan Pelletier 0-0: Ball
1-0: Called Strike
1-1: Foul Ball, location: 2F
1-2: SINGLE (Groundball, 6D, EV 97.5 MPH)
Batting: RHB Danny Bjarnson 0-0: Ball
1-0: Ball
2-0: Called Strike
2-1: Ball
3-1: Foul Ball, location: 2F
3-2: Foul Ball, location: 2F
3-2: SINGLE (Groundball, 25, EV 68.1 MPH) (infield hit)
Ryan Pelletier to second
Batting: RHB J.R. Roberts 0-0: Ball
1-0: Ball
2-0: Called Strike
2-1: Ball
3-1: Foul Ball, location: 2F
3-2: Foul Ball, location: 2F
3-2: Base on Balls
Ryan Pelletier to third
Danny Bjarnson to second
Batting: RHB Kinya Nishimura 0-0: Swinging Strike
0-1: Ball
1-1: Ball
2-1: SINGLE (Groundball, 56D, EV 104.4 MPH)
Ryan Pelletier scores
Danny Bjarnson to third
J.R. Roberts to second
Runner from 3rd tries for Home, SAFE, throw by LF to home
Batting: RHB Jose Ramirez 0-0: Called Strike
0-1: Ball
1-1: Foul Ball, location: 2F
1-2: Ball
2-2: Strikes out swinging
Pitching: RHP Vince DeFord
Batting: SHB Butch Brown 0-0: Foul Ball, location: 2F
0-1: Ball
1-1: Foul Ball, location: 2F
1-2: Ball
2-2: Strikes out swinging
Batting: LHB Justin Alexander 0-0: Called Strike
0-1: Ball
1-1: Ball
2-1: Ball
3-1: Called Strike
3-2: Base on Balls
J.R. Roberts to third
Kinya Nishimura to second
Batting: LHB Brett Bugge 0-0: Foul Ball, location: 2F
0-1: Foul Ball, location: 2F
0-2: Strikes out swinging
Top of the 4th over - 2 runs, 3 hits, 0 errors, 3 left on base; Orem 4 - Pulaski 3
BOTTOM OF THE 4TH
Pulaski Yankees batting - Pitching for Orem Owlz : RHP Chris Russell
Batting: SHB Joe Fure 0-0: Called Strike
0-1: Called Strike
0-2: Ball
1-2: Ground out 6-3 (Groundball, 6, EV 111.3 MPH)
Batting: RHB Colby Macon 0-0: Foul Ball, location: 2F
0-1: SINGLE (Line Drive, 78M, EV 89.4 MPH)
Pitching: RHP Owen Prouty
Batting: RHB Johannes Gutermuth 0-0: Ball
1-0: Called Strike
1-1: Ball
Wild Pitch!
Colby Macon to second
2-1: Ground out 1-3 (Groundball, 13S, EV 67.5 MPH)
Colby Macon to third
Batting: RHB Roberto Tena 0-0: Called Strike
0-1: Called Strike
0-2: Fly out, F9 (Flyball, 89D, EV 90.6 MPH)
Bottom of the 4th over - 0 runs, 1 hit, 0 errors, 1 left on base; Orem 4 - Pulaski 3
TOP OF THE 5TH
Orem Owlz batting - Pitching for Pulaski Yankees : RHP Vince DeFord
Batting: RHB Mike Alm 0-0: Ball
1-0: Ball
2-0: Ball
3-0: Base on Balls
Batting: RHB Ryan Pelletier 0-0: Swinging Strike
0-1: TRIPLE (Line Drive, 9D, EV 107.5 MPH)
Mike Alm scores
Batting: RHB Danny Bjarnson 0-0: Ball
1-0: SINGLE (Line Drive, 4D, EV 106.3 MPH)
Ryan Pelletier scores
Batting: RHB J.R. Roberts 0-0: Called Strike
0-1: Swinging Strike
0-2: Ball
1-2: Grounds into double play, 6-4-3 (Groundball, 6, EV 78.8 MPH)
Batting: RHB Kinya Nishimura 0-0: Foul Ball, location: 2F
0-1: Ball
1-1: Foul Ball, location: 2F
1-2: Strikes out swinging
Top of the 5th over - 2 runs, 2 hits, 0 errors, 0 left on base; Orem 6 - Pulaski 3
BOTTOM OF THE 5TH
Pulaski Yankees batting - Pitching for Orem Owlz : RHP Owen Prouty
Batting: LHB Joel Vera 0-0: Called Strike
0-1: Ball
1-1: Foul Ball, location: 2F
1-2: Foul Ball, location: 2F
1-2: Ball
2-2: Ball
3-2: Ground out 4-3 (Groundball, 34, EV 95.6 MPH)
Batting: LHB Dan Morris 0-0: Ball
1-0: Ball
2-0: Foul Ball, location: 2F
2-1: SINGLE (Groundball, 5S, EV 63.8 MPH) (infield hit)
Batting: SHB Blake Abbott 0-0: Called Strike
0-1: Ball
1-1: Called Strike
Dan Morris is caught stealing 2nd base 2-6
1-2: Ball
2-2: Ball
3-2: Foul Ball, location: 2F
3-2: Foul Ball, location: 2F
3-2: Foul Ball, location: 2F
3-2: Ground out 5-3 (Groundball, 6, EV 80.6 MPH)
Bottom of the 5th over - 0 runs, 1 hit, 0 errors, 0 left on base; Orem 6 - Pulaski 3
TOP OF THE 6TH
Orem Owlz batting - Pitching for Pulaski Yankees : RHP Vince DeFord
Batting: RHB Jose Ramirez 0-0: Foul Ball, location: 2F
0-1: Ball
1-1: Called Strike
1-2: Strikes out swinging
Batting: SHB Butch Brown 0-0: Called Strike
0-1: Ball
1-1: Foul Ball, location: 2F
1-2: Foul Ball, location: 2F
1-2: Ball
2-2: Ball
3-2: Hit by Pitch
Pitching: RHP Bill Kaiser
Batting: LHB Justin Alexander 0-0: Called Strike
0-1: Swinging Strike
0-2: Strikes out looking
Batting: LHB Brett Bugge 0-0: Ball
1-0: Fielders Choice at 2nd, 6-4 (Groundball, 6, EV 95.0 MPH)
Top of the 6th over - 0 runs, 0 hits, 0 errors, 1 left on base; Orem 6 - Pulaski 3
BOTTOM OF THE 6TH
Pulaski Yankees batting - Pitching for Orem Owlz : RHP Owen Prouty
Batting: RHB Mike Gifford 0-0: Called Strike
0-1: Foul Ball, location: 2F
0-2: Foul Ball, location: 2F
0-2: Strikes out looking
Batting: RHB Bobby Melillo 0-0: Foul Ball, location: 2F
0-1: Foul Ball, location: 2F
0-2: Fly out, F9 (Line Drive, 9, EV 101.9 MPH)
Batting: SHB Joe Fure 0-0: Called Strike
0-1: Called Strike
0-2: Foul Ball, location: 2F
0-2: Ball
1-2: Ball
2-2: Ball
3-2: Fly out, F9 (Flyball, 89D, EV 85.6 MPH)
Bottom of the 6th over - 0 runs, 0 hits, 0 errors, 0 left on base; Orem 6 - Pulaski 3
TOP OF THE 7TH
Orem Owlz batting - Pitching for Pulaski Yankees : RHP Bill Kaiser
Pitching: RHP Bobby Savoy
Batting: RHB Mike Alm 0-0: Ball
1-0: Swinging Strike
1-1: Foul Ball, location: 2F
1-2: Ball
2-2: Strikes out swinging
Batting: RHB Ryan Pelletier 0-0: Foul Ball, location: 2F
0-1: Ball
1-1: Foul Ball, location: 2F
1-2: Ball
2-2: Fly out, F7 (Line Drive, 7D, EV 85.6 MPH)
Batting: RHB Danny Bjarnson 0-0: Foul Ball, location: 2F
0-1: Foul Ball, location: 2F
0-2: Foul Ball, location: 2F
0-2: DOUBLE (Line Drive, 89D, EV 98.8 MPH)
Batting: RHB J.R. Roberts 0-0: Ground out 4-3 (Groundball, 4, EV 80.0 MPH)
Top of the 7th over - 0 runs, 1 hit, 0 errors, 1 left on base; Orem 6 - Pulaski 3
BOTTOM OF THE 7TH
Pulaski Yankees batting - Pitching for Orem Owlz : RHP Owen Prouty
Pitching: RHP Troy Ingram
Batting: RHB Colby Macon 0-0: Ball
1-0: Fly out, F9 (Flyball, 9, EV 97.5 MPH)
Batting: RHB Johannes Gutermuth 0-0: Called Strike
0-1: Fly out, F9 (Line Drive, 9, EV 101.9 MPH)
Batting: RHB Roberto Tena 0-0: Ball
1-0: Called Strike
1-1: Foul Ball, location: 2F
1-2: Ball
2-2: Strikes out swinging
Bottom of the 7th over - 0 runs, 0 hits, 0 errors, 0 left on base; Orem 6 - Pulaski 3
TOP OF THE 8TH
Orem Owlz batting - Pitching for Pulaski Yankees : RHP Bobby Savoy
Batting: RHB Kinya Nishimura 0-0: Ball
1-0: Fly out, F9 (Flyball, 89S, EV 94.4 MPH)
Batting: RHB Jose Ramirez 0-0: Ground out 5-3 (Groundball, 56S, EV 90.6 MPH)
Batting: SHB Butch Brown 0-0: Called Strike
0-1: Called Strike
0-2: Ball
1-2: Strikes out swinging
Top of the 8th over - 0 runs, 0 hits, 0 errors, 0 left on base; Orem 6 - Pulaski 3
BOTTOM OF THE 8TH
Pulaski Yankees batting - Pitching for Orem Owlz : RHP Troy Ingram
Pitching: RHP Simon Vogel
Batting: LHB Joel Vera 0-0: Ball
1-0: Swinging Strike
1-1: Foul Ball, location: 2F
1-2: Ball
2-2: SINGLE (Flyball, 5D, EV 93.8 MPH)
Batting: LHB Dan Morris 0-0: Called Strike
0-1: Foul Ball, location: 2F
0-2: Foul Ball, location: 2F
0-2: Strikes out looking
Batting: SHB Blake Abbott 0-0: Ball
1-0: Foul Ball, location: 2F
1-1: Ball
2-1: Ball
3-1: Fly out, F9 (Flyball, 9LM, EV 95.0 MPH)
Batting: RHB Mike Gifford 0-0: Ball
1-0: Ball
2-0: 2-RUN HOME RUN (Flyball, 7D, EV 107.5 MPH), Distance : 393 ft
Batting: RHB Bobby Melillo 0-0: Ball
1-0: Foul Ball, location: 2F
1-1: SINGLE (Groundball, 56S, EV 72.5 MPH) (infield hit)
Batting: SHB Joe Fure 0-0: Ball
1-0: Ball
2-0: Ball
3-0: Base on Balls
Bobby Melillo to second
Batting: RHB Colby Macon 0-0: Hit by Pitch
Bobby Melillo to third
Joe Fure to second
Pinch Runner at 1st Jordan Barragan:
Batting: RHB Johannes Gutermuth 0-0: Ball
1-0: Called Strike
1-1: Called Strike
1-2: Strikes out swinging
Bottom of the 8th over - 2 runs, 3 hits, 0 errors, 3 left on base; Orem 6 - Pulaski 5
TOP OF THE 9TH
Orem Owlz batting - Pitching for Pulaski Yankees : RHP Bobby Savoy
Pitching: RHP Travis Tate
Now at 1B: Jordan Barragan
Now at 2B: Bobby Melillo
Batting: LHB Justin Alexander 0-0: Called Strike
0-1: Ball
1-1: Swinging Strike
1-2: Strikes out swinging
Batting: LHB Brett Bugge 0-0: Ball
1-0: Fly out, F8 (Flyball, 8RM, EV 84.4 MPH)
Batting: RHB Mike Alm 0-0: Foul Ball, location: 2F
0-1: Foul Ball, location: 2F
0-2: Ball
1-2: Ball
2-2: Hit by Pitch
Batting: RHB Ryan Pelletier 0-0: Called Strike
0-1: Ground out U3 (Groundball, 23, EV 85.6 MPH)
Top of the 9th over - 0 runs, 0 hits, 0 errors, 1 left on base; Orem 6 - Pulaski 5
BOTTOM OF THE 9TH
Pulaski Yankees batting - Pitching for Orem Owlz : RHP Simon Vogel
Pitching: RHP Danny Nava
Batting: RHB Roberto Tena 0-0: Swinging Strike
0-1: Fly out, F4 (Flyball, 3D, EV 89.4 MPH)
Batting: LHB Joel Vera 0-0: Foul Ball, location: 2F
0-1: Called Strike
0-2: Strikes out looking
Batting: LHB Dan Morris 0-0: Ball
1-0: Called Strike
1-1: SINGLE (Flyball, 78D, EV 99.4 MPH)
Batting: SHB Blake Abbott 0-0: DOUBLE (Line Drive, 8LXD, EV 100.0 MPH)
Dan Morris to third
Runner from 3rd tries for Home, SAFE, throw by CF to trailing runner, SAFE at third!
Batting: RHB Mike Gifford 0-0: Ball
1-0: Called Strike
1-1: Ball
2-1: Ball
3-1: Swinging Strike
3-2: Base on Balls
Batting: RHB Bobby Melillo 0-0: Called Strike
0-1: Ball
1-1: Ball
2-1: Fly out, F8 (Flyball, 89D, EV 91.3 MPH)
Bottom of the 9th over - 1 run, 2 hits, 0 errors, 2 left on base; Orem 6 - Pulaski 6
TOP OF THE 10TH
Orem Owlz batting - Pitching for Pulaski Yankees : RHP Travis Tate
Pitching: RHP John Robidoux
Batting: RHB Danny Bjarnson 0-0: Ball
1-0: Foul Ball, location: 2F
1-1: Foul Ball, location: 2F
1-2: Fly out, F9 (Flyball, 9, EV 78.8 MPH)
Pinch Hitting: LHB Nick Isaac 0-0: Ball
1-0: DOUBLE (Line Drive, 9LM, EV 100.0 MPH)
Pinch Hitting: SHB Roger Payne 0-0: Called Strike
0-1: Foul Ball, location: 2F
0-2: Strikes out looking
Pinch Hitting: SHB Winikeneke Keikemamake 0-0: Ground out 6-3 (Groundball, 6M, EV 86.3 MPH)
Top of the 10th over - 0 runs, 1 hit, 0 errors, 1 left on base; Orem 6 - Pulaski 6
BOTTOM OF THE 10TH
Pulaski Yankees batting - Pitching for Orem Owlz : RHP Danny Nava
Pitching: RHP Kennie Williams
Now at C: Javier Castaneda
Now at 1B: Roger Payne
Now at SS: Winikeneke Keikemamake
Batting: SHB Joe Fure 0-0: Ball
1-0: Foul Ball, location: 2F
1-1: Foul Ball, location: 2F
1-2: Foul Ball, location: 2F
1-2: Ball
2-2: Ball
3-2: SINGLE (Groundball, 34D, EV 104.4 MPH)
Batting: RHB Jordan Barragan 0-0: Bunt missed!
0-1: Sac Bunt to 15S - play at first, batter OUT! 1-4
Joe Fure to second
Batting: RHB Johannes Gutermuth 0-0: Ball
1-0: Ground out U3 (Groundball, 3L, EV 105.6 MPH)
Joe Fure to third
Pinch Hitting: SHB Eddie Trebelhorn 0-0: Ball
1-0: Foul Ball, location: 2F
1-1: Ball
2-1: Foul Ball, location: 2F
2-2: Ground out 6-3 (Groundball, 6, EV 88.8 MPH)
Bottom of the 10th over - 0 runs, 1 hit, 0 errors, 1 left on base; Orem 6 - Pulaski 6
TOP OF THE 11TH
Orem Owlz batting - Pitching for Pulaski Yankees : RHP John Robidoux
Now at 1B: Nick Dunton
Now at SS: Dan Morris
Now in RF: Jordan Barragan
Batting: SHB Butch Brown 0-0: Foul Ball, location: 2F
0-1: Foul Ball, location: 2F
0-2: DOUBLE (Flyball, 78D, EV 110.0 MPH)
Batting: LHB Justin Alexander 0-0: Ball
Wild Pitch!
Butch Brown to third
1-0: Foul Ball, location: 2F
1-1: Bunted foul
1-2: Ball
2-2: Strikes out looking
Batting: LHB Brett Bugge 0-0: Ball
Wild Pitch!
Butch Brown scores
1-0: Foul Ball, location: 2F
1-1: Ball
2-1: Foul Ball, location: 2F
2-2: Fly out, F9 (Flyball, 9S, EV 85.0 MPH)
Batting: RHB Mike Alm 0-0: Ball
1-0: Foul Ball, location: 2F
1-1: Foul Ball, location: 2F
1-2: Ball
2-2: Ball
3-2: Ground out U3 (Groundball, 34S, EV 86.9 MPH)
Top of the 11th over - 1 run, 1 hit, 0 errors, 0 left on base; Orem 7 - Pulaski 6
BOTTOM OF THE 11TH
Pulaski Yankees batting - Pitching for Orem Owlz : RHP Kennie Williams
Batting: LHB Joel Vera 0-0: Swinging Strike
0-1: Swinging Strike
0-2: Ball
1-2: Ball
2-2: Ball
3-2: Foul Ball, location: 2F
3-2: Strikes out swinging
Batting: LHB Dan Morris 0-0: Foul Ball, location: 2F
0-1: Fly out, F8 (Line Drive, 8LD, EV 98.1 MPH)
Batting: SHB Blake Abbott 0-0: Ball
1-0: Ball
2-0: Foul Ball, location: 2F
2-1: Foul Ball, location: 2F
2-2: Ball
3-2: SINGLE (Line Drive, 89S, EV 110.6 MPH)
Batting: RHB Mike Gifford 0-0: Ball
1-0: Ball
2-0: SINGLE (Groundball, 6, EV 97.5 MPH)
Blake Abbott to second
Batting: RHB Bobby Melillo 0-0: Ball
1-0: Called Strike
1-1: Fly out, F9 (Flyball, 9LS, EV 85.0 MPH)
Bottom of the 11th over - 0 runs, 2 hits, 0 errors, 2 left on base; Orem 7 - Pulaski 6
Thursday, March 31st , 2022 - OOTP Baseball 22.12 Build 89